Map: Newkirk Precinct TE (Void)

Players

Loken - Winner!

  • Race: Zerg Zerg
  • League: Platinum
  • Spawn Location: 7:00

dallaskuken

  • Race: Protoss Protoss
  • League: Platinum
  • Spawn Location: 5:00

VOD

Have the link to the VOD?

Description

Time

  • Played on: March 17, 2017, 6:39 p.m.
  • Length: 11:55
Show
View Real Time Build Order
Export as new Build Order

Loken Zerg - Winner!

Build Orders: Hatch First 

Get SALT Encoding   

  12  0:01  Drone  
  13  0:08  Drone  
  14  0:18  Overlord  
  14  0:40  Drone x3  
  17  1:03  Hatchery  
  16  1:06  Drone  
  17  1:13  Spawning Pool  
  17  1:26  Hatchery, Drone  
  17  1:27  Drone x2  
  19  1:33  Extractor  
  18  1:47  Overlord  
  18  2:01  Queen  
  18  2:04  Zergling x4  
  22  2:17  Roach Warren  
  22  2:19  Zergling x2  
  22  2:32  Zergling x2  
  22  2:33  Zergling x2  
  24  2:42  Metabolic Boost  
  24  2:56  Drone  
  24  2:57  Drone x3  
  28  3:03  Queen  
  30  3:13  Roach x3  
  36  3:31  Overlord x2  
  36  3:32  Overlord  
  36  3:47  Lair  
  36  3:57  Extractor  
  36  3:59  Drone  
  36  4:00  Drone x6  
  35  4:36  Zergling x12  
  35  4:37  Zergling x2  
  42  4:54  Hydralisk Den, Spore Crawler  
  42  4:55  Drone  
  42  4:56  Drone x2  
  43  5:03  Drone  
  44  5:10  Zergling x2  
  44  5:11  Hatchery, Zergling x8  
  48  5:16  Ravager x2  
  50  5:25  Drone  
  50  5:26  Drone x3  
  54  5:29  Extractor  
  54  5:30  Extractor  
  54  5:32  Drone  
  54  5:34  Muscular Augments  
  53  5:51  Drone x6  
  53  5:52  Drone  
  49  6:28  Zergling x6  
  49  6:29  Zergling x12  
  52  6:41  Zergling x2  
  52  6:42  Zergling x14  
  60  6:50  Queen  
  62  7:00  Overlord x3  
  62  7:03  Hydralisk x2  
  66  7:15  Infestation Pit  
  65  7:28  Evolution Chamber, Hydralisk  
  65  7:29  Evolution Chamber, Hydralisk x7  
  79  7:37  Drone  
  79  7:38  Drone x5  
  85  7:52  Overlord x3  
  85  7:53  Overlord  
  85  7:54  Glial Reconstitution  
  85  7:57  Zerg Melee Weapons Level 1  
  85  8:04  Zergling x2  
  85  8:05  Zergling x6  
  66  8:19  Drone  
  67  8:20  Drone x7  
  74  8:30  Hive  
  74  8:32  Zerg Ground Armor Level 1  
  74  8:50  Drone  
  74  8:51  Drone x8  
  82  9:18  Hydralisk x9  
  100  9:36  Zergling x6  
  100  9:38  Zergling x4  
  105  9:55  Adrenal Glands  
  105  10:02  Zergling x6  
  105  10:03  Zergling x20  
  118  10:13  Overseer  
  118  10:21  Extractor  
  118  10:23  Extractor  
  116  10:28  Hydralisk  
  116  10:29  Hydralisk x2  
  116  10:30  Overlord  
  116  10:31  Overlord x5  
  119  10:54  Zergling x2  
  119  10:55  Zergling x24  
  107  11:07  Zergling x2  
  107  11:08  Zergling x12  
Show
View Real Time Build Order
Export as new Build Order

dallaskuken Protoss 

Build Orders:  

Get SALT Encoding   

  12  0:01  Probe (Chrono Boost)  
  13  0:11  Probe (Chrono Boost)  
  14  0:22  Pylon  
  14  0:24  Probe (Chrono Boost)  
  15  0:41  Probe (Chrono Boost)  
  16  0:45  Gateway  
  16  0:53  Pylon  
  16  1:01  Probe (Chrono Boost)  
  17  1:12  Probe (Chrono Boost)  
  17  1:17  Pylon  
  18  1:22  Probe (Chrono Boost)  
  18  1:23  Assimilator  
  19  1:32  Cybernetics Core  
  19  1:33  Probe (Chrono Boost)  
  20  1:43  Probe (Chrono Boost)  
  20  1:46  Pylon  
  21  1:53  Zealot  
  24  1:54  Probe (Chrono Boost)  
  24  1:55  Warp Gate  
  24  2:03  Assimilator  
  24  2:05  Probe (Chrono Boost)  
  26  2:17  Probe (Chrono Boost)  
  26  2:21  Gateway  
  26  2:29  Probe (Chrono Boost)  
  27  2:32  Pylon  
  27  2:34  Pylon  
  27  2:41  Probe (Chrono Boost)  
  27  2:43  Stalker  
  30  2:53  Probe (Chrono Boost)  
  30  2:54  Gateway  
  32  3:05  Probe (Chrono Boost)  
  32  3:11  Twilight Council  
  32  3:18  Probe (Chrono Boost)  
  33  3:20  Stalker  
  35  3:30  Probe (Chrono Boost)  
  35  3:33  Pylon  
  36  3:35  Charge  
  36  3:39  Stalker  
  39  3:42  Probe (Chrono Boost)  
  39  3:54  Probe (Chrono Boost)  
  40  4:00  Gateway  
  40  4:04  Pylon  
  41  4:10  Probe (Chrono Boost)  
  41  4:19  Stalker  
  41  4:20  Stalker  
  41  4:49  Robotics Facility  
  41  4:56  Stalker  
  41  4:59  Zealot  
  45  5:03  Nexus  
  45  5:11  Pylon  
  45  5:14  Pylon  
  45  5:22  Zealot x2  
  49  5:34  Probe (Chrono Boost)  
  50  5:40  Immortal  
  54  5:46  Zealot, Probe (Chrono Boost)  
  58  5:58  Probe (Chrono Boost)  
  58  6:11  Probe (Chrono Boost)  
  59  6:15  Zealot  
  59  6:16  Zealot x2  
  59  6:23  Probe (Chrono Boost)  
  60  6:35  Probe (Chrono Boost)  
  61  6:53  Assimilator  
  61  6:58  Gateway, Assimilator  
  61  6:59  Gateway  
  61  7:02  Probe (Chrono Boost)  
  61  7:06  Pylon  
  61  7:08  Pylon  
  62  7:10  Zealot x3, Pylon  
  62  7:12  Probe (Chrono Boost)  
  69  7:19  Sentry  
  71  7:23  Probe (Chrono Boost)  
  72  7:34  Immortal  
  76  7:51  Stalker  
  76  7:52  Stalker x3  
  60  8:14  Immortal  
  60  8:19  Zealot x2  
  62  8:20  Zealot x2  
  66  8:33  Zealot  
  66  8:34  Zealot  
  70  8:43  Stalker x2  
  70  8:44  Stalker x2  
  78  9:01  Probe (Chrono Boost)  
  79  9:05  Robotics Bay  
  79  9:06  Stalker  
  79  9:08  Stalker  
  83  9:11  Probe (Chrono Boost)  
  84  9:21  Stalker  
  84  9:22  Probe (Chrono Boost)  
  87  9:32  Probe (Chrono Boost)  
  87  9:36  Stalker x3  
  94  9:43  Probe (Chrono Boost)  
  95  9:47  Zealot x2  
  99  9:53  Probe (Chrono Boost)  
  99  9:58  Zealot  
  102  10:10  Zealot  
  102  10:11  Zealot x3  
  110  10:27  Zealot  
  110  10:28  Zealot  
  114  10:34  Pylon x2  
  114  10:35  Pylon  
  112  10:43  Zealot x3  
  76  11:17  Zealot x3  
  76  11:18  Zealot x2  
  74  11:38  Zealot x2  
  74  11:39  Zealot x3  
Tags
 
Add a new tag
Caveats
  • Supply blocks, unpowered buildings, or Contaminate may cause inaccurate times.
  • Supply counts are checked every 10 seconds.